← All builds
Suicide front / Cortex / Economy first / OBSERVED BUILD

Standard suicide front

The role's baseline bot lab opening: secure mexes, push out Thugs, Aggravators and Grunts to contest the middle and hold until T2 arrives.

#rush · 353 distinct matches · 76 players · 67% of Cortex Suicide front games · team won 51% of 366 · Recently observed

HOW TO PLAY IT

Key timing: Bot Lab by 0:34

  1. Take 3 mex, then rush a Bot Lab immediately for early army.
  2. Finish Bot Lab, start pumping Thug, Grunt and Aggravator.
  3. Push units to middle to contest and secure reclaim early.
  4. Add Advanced Metal Extractor to keep economy scaling with the fight.
  5. Hold middle with bots until T2 reinforcements arrive from Geo.

Phase by phase

TYPICAL OF ITS 353 GAMES
  1. 1
  2. 2
  3. 3
PLAY THE OPENING

Follow the example game's first 6:00 step by step: what to build now, what comes next, and where it goes. At 1× it keeps pace with your own game.

  1. 1

    Up to the Bot Lab

    Economy
    • Metal Extractor1Mex
    Order
    1. Bot LabBot Lab after 1 mexdone ~0:34, middle half 0:26–0:44

    By 0:17 in all: 1 mex

    The example game in this phase · 2 steps
    1. Mex ×2
    2. Bot LabBot Labdone 0:35 · typical 0:34
  2. 2

    Bot Lab to 5:00

    Economy
    • Metal Extractor4Mex
    • Wind Turbine3Wind
    Builders
    • Graverobber4 Graverobber
    • Construction Bot3 Con bot
    Army
    • Guard3 Guard
    • Thug14 Thug
    • Grunt3 Grunt
    • Aggravator2 Aggravator
    Other
    • Radar Tower1 Radar Tower

    By 5:00 in all: 5 mex · 3 wind

    The example game in this phase · 38 steps
    1. GraverobberGraverobber
    2. Mex
    3. GruntGrunt
    4. GraverobberGraverobber
    5. Construction BotCon bot
    6. Radar TowerRadar Towerfor Pond
    7. GruntGrunt
    8. ThugThug ×3
    9. Mex
    10. ThugThug
    11. Construction BotCon bot
    12. Construction BotCon botfor Pond
    13. GuardGuard
    14. GraverobberGraverobber
    15. ThugThug ×3
    16. GuardGuard
    17. ThugThug
    18. GuardGuard
    19. ThugThug
    20. Construction BotCon botfor Pond
    21. PawnPawn
    22. Twin GuardTwin Guard
    23. Construction BotCon botfor Pond
    24. GuardGuard
    25. AggravatorAggravator ×2
    26. ThugThug
    27. AggravatorAggravator
    28. ThugThug
    29. AggravatorAggravator
    30. ThugThug
    31. Windfor Pond
    32. AggravatorAggravator ×2
    33. Windfor Pond
    34. AggravatorAggravator
    35. Con turret
    36. Energy storagefor Pond
    37. AggravatorAggravator
    38. Windfor Pond
  3. 3

    5:00 to 10:00

    Economy
    • Metal Extractor1Mex
    • Wind Turbine14Wind
    Builders
    • Construction Turret2 Con turret
    • Graverobber2 Graverobber
    • Construction Bot1 Con bot
    Army
    • Guard1 Guard
    • Thug6 Thug
    • Grunt3 Grunt

    Some games also: aggravator (50%) · energy storage (47%) · Radar Tower (44%) · Twin Guard (31%) · converter (30%)

    By 10:00 in all: 6 mex · 18 wind · 1 energy storage · 2 con turret

    The example game in this phase · 134 steps
    1. Windfor Pond
    2. ThugThug
    3. Con turretfor Pond
    4. Radar TowerRadar Tower
    5. GraverobberGraverobber
    6. CastroCastro
    7. Windfor Pond
    8. ThugThug
    9. Mex
    10. ThugThug
    11. Con turret
    12. GraverobberGraverobber
    13. Windfor Pond
    14. Con turret
    15. ThugThug
    16. Windfor Pond
    17. GuardGuard
    18. Windfor Pond
    19. GraverobberGraverobber
    20. ThistleThistle
    21. Windfor Pond
    22. GraverobberGraverobber
    23. Windfor Pond
    24. GraverobberGraverobber
    25. CastroCastro
    26. Windfor Pond
    27. ThugThug
    28. Windfor Pond
    29. ThugThug ×2
    30. Windfor Pond
    31. ThugThug
    32. Windfor Pond
    33. ThugThug
    34. Mex
    35. Windfor Pond
    36. ThugThug
    37. Advanced Metal ExtractorT2 mexfor Ponddone 9:47 · typical 9:42
    38. ThugThug
    39. Windfor Pond
    40. Con turretfor Pond
    41. Advanced Metal ExtractorT2 mexfor Pond
    42. Windfor Pond
    43. Advanced Metal ExtractorT2 mex
    44. Wind ×2for Pond
    45. Advanced Metal ExtractorT2 mex
    46. Wind ×3for Pond
    47. Con turretfor Pond
    48. Windfor Pond
    49. Energy storagefor Pond
    50. Bot LabBot Labdone 10:09
    51. Vehicle PlantVehicle Plantdone 10:17
    52. Wind
    53. Energy storagefor Pond
    54. GuardGuard
    55. TickTick
    56. ThistleThistle
    57. IncisorIncisor
    58. BruteBrute
    59. Con turret
    60. BruteBrute
    61. ThistleThistle
    62. TickTick
    63. Con turret
    64. Wind
    65. TickTick
    66. Wind
    67. Con turretfor Pond
    68. ThistleThistle
    69. BruteBrute
    70. Wind
    71. TickTick
    72. RattlesnakeRattlesnakenot finished by 15:00
    73. PounderPounderfor Pond
    74. Wind
    75. TickTick
    76. Wind
    77. TickTick
    78. BruteBrutefor Pond
    79. TickTickfor Pond
    80. Wind
    81. TickTick
    82. Wind
    83. BruteBrutefor Pond
    84. TickTick
    85. Wind
    86. TickTick
    87. BruteBrute
    88. Wind
    89. TickTick
    90. PounderPounder
    91. TickTick ×2
    92. Wind
    93. Windfor Pond
    94. TickTick
    95. Wind
    96. IncisorIncisorfor Pond
    97. TickTick
    98. Windfor Pond
    99. TickTick
    100. IncisorIncisor
    101. TickTick
    102. IncisorIncisor
    103. TickTick
    104. Windfor Pond
    105. TickTick
    106. IncisorIncisor
    107. Windfor Pond
    108. TickTick ×2
    109. IncisorIncisor
    110. Windfor Pond
    111. RattlesnakeRattlesnake
    112. TickTick
    113. GuardGuard
    114. TickTick
    115. IncisorIncisor
    116. Windfor Pond
    117. TickTick
    118. Wind ×2for Pond
    119. IncisorIncisor
    120. Windfor Pond
    121. Dragon's TeethDragon's Teeth ×2
    122. Windfor Pond
    123. Dragon's TeethDragon's Teeth ×2
    124. Windfor Pond
    125. Dragon's TeethDragon's Teeth ×2
    126. Windfor Pond
    127. Dragon's TeethDragon's Teeth ×2
    128. Dragon's TeethDragon's Teethfor Geo
    129. Windfor Pond
    130. Dragon's TeethDragon's Teeth ×2
    131. Windfor Pond
    132. Dragon's TeethDragon's Teeth
    133. Dragon's TeethDragon's Teethfor Geo
    134. Windfor Geo

Counts are medians over the build's games: half of them build more, half fewer. The example game is [Cookie]Maco's (53 OS, 04/09/2026); pick another.

Team trades

IN AT LEAST 30% OF ITS GAMES

You hand over

Nothing regular.

You get

  • Tidal Generator4 Tidal from Pondfirst at 0:10 · in 69% of games
  • Advanced Construction Bot1 T2 con bot from Geo or Techfirst at 7:32 · in 57% of games

How it plays out

Typical game of this build, running totals by minute

Metal produced

010k20k
0:005:0010:0015:00

metal

Enemy metal destroyed

05k10k
0:005:0010:0015:00

metal

Own metal lost

05k10k15k
0:005:0010:0015:00

metal

366 games.

Show as table
ByMetal produced: This buildEnemy metal destroyed: This buildOwn metal lost: This build
1:0027300
2:0095600
3:002058191130
4:003151663628
5:00432816971420
6:00553425652380
7:00676835643465
8:00797145054456
9:00923451865453
10:001045058116293
11:001194662887124
12:001361268158150
13:001530674618924
14:001705482219879
15:0018776887210532
WHAT THE NUMBERS SAY

This is the role's baseline aggressive job, winning half its games while both dealing and taking heavy metal losses fighting at middle.

  • + Fastest Bot Lab of any role (0:34), gets units fighting almost immediately.
  • + Destroys 8805 enemy metal by 15:00 through constant middle pressure.
  • − Loses 10461 own metal by 15:00, more than it destroys.
  • − Metal production lags behind other front role at 18297 by 15:00.
THE EXAMPLE YOU ARE READING

[Cookie]Maco

53.3 OS · 04/09/2026

Open source match ↗

40 received units · includes a constructor
126 metal received · 57673 energy received

Allied construction assistance is unknown. Timings are observations, not a promise of solo reproducibility.

Typical milestones

Bot Lab0:34Middle 50%: 0:26–0:44 · n=362
Advanced Metal Extractor9:42Middle 50%: 8:46–10:57 · n=238

Played most by

_X_59games of this build_Hawkey_34games of this buildGuiTou23games of this buildImmort23games of this buildViltrum22games of this build

Supporting games

Pick a game to read and play it above.

_Hawkey_25/09/2026 · 60 OS↗_Hawkey_25/09/2026 · 60 OS↗Erilium25/09/2026 · 46 OS↗Erilium25/09/2026 · 46 OS↗Kcorp25/09/2026 · 50 OS↗_Hawkey_25/09/2026 · 61 OS↗[Crd]Acquati24/09/2026 · 36 OS↗Gieds24/09/2026 · 47 OS↗[Cookie]Maco04/09/2026 · 53 OS↗
32 more of 358, the most recentMischievousDragonGF24/09/2026 · 43 OS↗xabre24/09/2026 · 48 OS↗SkyFireEX23/09/2026 · 37 OS↗[Grump]Atlasfailed23/09/2026 · 36 OS↗UsurpeR23/09/2026 · 43 OS↗_X_23/09/2026 · 44 OS↗Rosie23/09/2026 · 35 OS↗I_pawngame_u23/09/2026 · 37 OS↗SauceDispenser23/09/2026 · 35 OS↗[GerBoyz]Stinkfisch23/09/2026 · 39 OS↗[Grump]Atlasfailed23/09/2026 · 36 OS↗Ariah23/09/2026 · 43 OS↗[GerBoyz]Stinkfisch22/09/2026 · 39 OS↗[GerBoyz]Stinkfisch22/09/2026 · 38 OS↗[GerBoyz]Stinkfisch22/09/2026 · 38 OS↗[GerBoyz]Stinkfisch22/09/2026 · 38 OS↗SauceDispenser22/09/2026 · 36 OS↗theBeauty21/09/2026 · 38 OS↗PlatinumBlonde21/09/2026 · 58 OS↗theBeauty21/09/2026 · 38 OS↗[Grump]Atlasfailed20/09/2026 · 36 OS↗GuiTou20/09/2026 · 36 OS↗Kcorp20/09/2026 · 51 OS↗I_pawngame_u20/09/2026 · 37 OS↗I_pawngame_u20/09/2026 · 37 OS↗Rexalidus20/09/2026 · 37 OS↗GuiTou19/09/2026 · 36 OS↗[Grump]Atlasfailed19/09/2026 · 36 OS↗derkarl19/09/2026 · 36 OS↗derkarl19/09/2026 · 36 OS↗_Hawkey_19/09/2026 · 58 OS↗[Grump]Atlasfailed18/09/2026 · 36 OS↗
Supreme Isthmus v2.1
Beyond All Reason test-31193-76ced98
Naval balance tweaks on